GCL
TAMPA BAY (GCL) RAYS @ PITTSBURGH (GCL) PIRATES
08/31/2098
 
TOP OF THE 1ST
Tampa Bay (GCL) Rays batting - Pitching for Pittsburgh (GCL) Pirates : LHP Clint Sims
Pitching: LHP Clint Sims
Batting: LHB Ian Gordon 0-0: Called Strike
0-1: Swinging Strike
0-2: Ball
1-2: Foul Ball, location: 5SF
1-2: Ball
2-2: Foul Ball, location: 7LMF
2-2: SINGLE (Groundball, P, EV 92.5 MPH) (infield hit)
Batting: RHB Eric Fowler 0-0: Ball
1-0: Called Strike
1-1: Ball
2-1: Foul Ball, location: 2F
2-2: Ball
3-2: Foul Ball, location: 9LDF
3-2: Base on Balls
Ian Gordon to second
Batting: RHB Barry Ayala 0-0: Swinging Strike
0-1: Called Strike
0-2: Ball
1-2: Ball
2-2: Ball
3-2: Base on Balls
Ian Gordon to third
Eric Fowler to second
Batting: RHB Tris Reich 0-0: Called Strike
0-1: Swinging Strike
0-2: Ball
1-2: Grounds into double play, 6-4-3 (Groundball, 6, EV 87.5 MPH)
Ian Gordon scores
Eric Fowler to third
Batting: RHB Joe Buzard 0-0: Ball
1-0: Ball
2-0: Ground out 4-3 (Groundball, 4, EV 79.4 MPH)
Top of the 1st over - 1 run, 1 hit, 0 errors, 1 left on base; Tampa Bay (GCL) 1 - Pittsburgh (GCL) 0
BOTTOM OF THE 1ST
Pittsburgh (GCL) Pirates batting - Pitching for Tampa Bay (GCL) Rays : RHP Karsten van Luttikhuizen
Pitching: RHP Karsten van Luttikhuizen
Batting: LHB Harry Romero 0-0: Ball
1-0: Ball
2-0: SINGLE (Line Drive, 7LS, EV 85.6 MPH)
Batting: RHB Ryan Giardina 0-0: Ground out 6-3 (Groundball, 6S, EV 62.5 MPH)
Harry Romero to second
Batting: RHB Sam Filter 0-0: Ball
1-0: Ball
2-0: Called Strike
2-1: Foul Ball, location: 23F
2-2: Foul Ball, location: 2F
2-2: Ball
3-2: Base on Balls
Batting: LHB Kevin Todd 0-0: Fielders Choice at 2nd, 1-6 (Groundball, 34S, EV 60.6 MPH)
Harry Romero to third
Batting: RHB Adam Struthers 0-0: Called Strike
0-1: Ground out 4-3 (Groundball, 34, EV 91.3 MPH)
Bottom of the 1st over - 0 runs, 1 hit, 0 errors, 2 left on base; Tampa Bay (GCL) 1 - Pittsburgh (GCL) 0
TOP OF THE 2ND
Tampa Bay (GCL) Rays batting - Pitching for Pittsburgh (GCL) Pirates : LHP Clint Sims
Batting: RHB Brian Rhodes 0-0: Ball
1-0: Ball
2-0: Fly out, F4 (Popup, 4MD, EV 50.0 MPH)
Batting: LHB Ben Garofalo 0-0: Ball
1-0: Ball
2-0: Ball
3-0: Called Strike
3-1: Called Strike
3-2: Strikes out swinging
Batting: RHB Daniel Silva 0-0: Ball
1-0: SINGLE (Groundball, 6MD, EV 108.8 MPH)
Batting: RHB Jim Unknown 0-0: Foul Ball, location: 2F
0-1: Ball
1-1: Ball
2-1: Fly out, F3 (Popup, 3SF, EV 77.5 MPH)
Top of the 2nd over - 0 runs, 1 hit, 0 errors, 1 left on base; Tampa Bay (GCL) 1 - Pittsburgh (GCL) 0
BOTTOM OF THE 2ND
Pittsburgh (GCL) Pirates batting - Pitching for Tampa Bay (GCL) Rays : RHP Karsten van Luttikhuizen
Batting: RHB Barry Russell 0-0: Ball
1-0: Foul Ball, location: 2F
1-1: Foul Ball, location: 2F
1-2: Ball
2-2: Strikes out swinging
Batting: LHB Chris Ricketts 0-0: Ball
1-0: Ball
2-0: Foul Ball, location: 7LMF
2-1: Swinging Strike
2-2: Ball
3-2: Base on Balls
Batting: RHB Jon Neal 0-0: Swinging Strike
0-1: Ball
1-1: Swinging Strike
1-2: Strikes out swinging
Batting: RHB Jason McGhin 0-0: Fielders Choice at 2nd, 6-4 (Groundball, 6, EV 83.1 MPH)
Bottom of the 2nd over - 0 runs, 0 hits, 0 errors, 1 left on base; Tampa Bay (GCL) 1 - Pittsburgh (GCL) 0
TOP OF THE 3RD
Tampa Bay (GCL) Rays batting - Pitching for Pittsburgh (GCL) Pirates : LHP Clint Sims
Batting: LHB Ian Gordon 0-0: Ball
1-0: Ball
2-0: Foul Ball, location: 2F
2-1: Ball
3-1: Called Strike
3-2: Foul Ball, location: 2F
3-2: Foul Ball, location: 7LSF
3-2: Foul Ball, location: 2F
3-2: Base on Balls
Batting: RHB Eric Fowler 0-0: Fly out, F3 (Popup, 3F, EV 61.3 MPH)
Batting: RHB Barry Ayala 0-0: Called Strike
0-1: Ball
1-1: Ball
2-1: SINGLE (Groundball, 4D, EV 104.4 MPH)
Ian Gordon to second
Runner from 2nd tries for 3rd, SAFE, no throw by RF
Batting: RHB Tris Reich Pickoff Throw to First - Out! 1-3
0-0: Ball
1-0: Swinging Strike
1-1: Ball
2-1: Ball
3-1: Fly out, F9 (Line Drive, 9, EV 92.5 MPH)
Top of the 3rd over - 0 runs, 1 hit, 0 errors, 1 left on base; Tampa Bay (GCL) 1 - Pittsburgh (GCL) 0
BOTTOM OF THE 3RD
Pittsburgh (GCL) Pirates batting - Pitching for Tampa Bay (GCL) Rays : RHP Karsten van Luttikhuizen
Batting: LHB Harry Romero 0-0: Ball
1-0: Fly out, F6 (Popup, 6MS, EV 78.8 MPH)
Batting: RHB Ryan Giardina 0-0: Ball
1-0: Ground out 4-3 (Groundball, 34, EV 83.8 MPH)
Batting: RHB Sam Filter 0-0: Called Strike
0-1: SOLO HOME RUN (Flyball, 78XD, EV 100.6 MPH) (Inside the Park)
Batting: LHB Kevin Todd 0-0: SINGLE (Flyball, 7LS, EV 93.8 MPH)
Batting: RHB Adam Struthers 0-0: Swinging Strike
0-1: Foul Ball, location: 5F
0-2: Ball
1-2: Foul Ball, location: 3DF
1-2: Ball
Wild Pitch!
Kevin Todd to second
2-2: Foul Ball, location: 9LDF
2-2: Fly out, F8 (Flyball, 8RD, EV 94.4 MPH)
Bottom of the 3rd over - 1 run, 2 hits, 0 errors, 1 left on base; Tampa Bay (GCL) 1 - Pittsburgh (GCL) 1
TOP OF THE 4TH
Tampa Bay (GCL) Rays batting - Pitching for Pittsburgh (GCL) Pirates : LHP Clint Sims
Batting: RHB Joe Buzard 0-0: Swinging Strike
0-1: Ball
1-1: Fly out, F8 (Flyball, 78S, EV 86.3 MPH)
Batting: RHB Brian Rhodes 0-0: Ball
1-0: Ball
2-0: Ball
3-0: Called Strike
3-1: Foul Ball, location: 2F
3-2: Foul Ball, location: 2F
3-2: Foul Ball, location: 5FF
3-2: Foul Ball, location: 2F
3-2: Foul Ball, location: 5F
3-2: Foul Ball, location: 7LMF
3-2: Base on Balls
Pitching: RHP Danny Cortez
Batting: LHB Ben Garofalo 0-0: Foul Ball, location: 2F
0-1: Ball
1-1: Grounds into double play, 6-4-3 (Groundball, 6, EV 84.4 MPH)
Top of the 4th over - 0 runs, 0 hits, 0 errors, 0 left on base; Tampa Bay (GCL) 1 - Pittsburgh (GCL) 1
BOTTOM OF THE 4TH
Pittsburgh (GCL) Pirates batting - Pitching for Tampa Bay (GCL) Rays : RHP Karsten van Luttikhuizen
Batting: RHB Barry Russell 0-0: Ball
1-0: Ball
2-0: Ball
3-0: Called Strike
3-1: Called Strike
3-2: SINGLE (Line Drive, 9S, EV 98.8 MPH)
Batting: LHB Chris Ricketts 0-0: Called Strike
Barry Russell steals 2nd base
0-1: Swinging Strike
0-2: Strikes out looking
Batting: RHB Jon Neal 0-0: Ball
1-0: Ball
2-0: Called Strike
2-1: Ball
3-1: Foul Ball, location: 2F
3-2: Strikes out swinging
Batting: RHB Jason McGhin 0-0: Fly out, F7 (Line Drive, 7LS, EV 89.4 MPH)
Bottom of the 4th over - 0 runs, 1 hit, 0 errors, 1 left on base; Tampa Bay (GCL) 1 - Pittsburgh (GCL) 1
TOP OF THE 5TH
Tampa Bay (GCL) Rays batting - Pitching for Pittsburgh (GCL) Pirates : RHP Danny Cortez
Batting: RHB Daniel Silva 0-0: Ball
1-0: SINGLE (Line Drive, 9LS, EV 101.9 MPH)
Batting: RHB Jim Unknown 0-0: Sac Bunt to 2L - play at first, batter OUT! 2-3
Daniel Silva to second
Batting: LHB Ian Gordon 0-0: Called Strike
0-1: Foul Ball, location: 7LDF
0-2: Ball
1-2: Strikes out swinging
Batting: RHB Eric Fowler 0-0: Foul Ball, location: 2F
0-1: Ground out 6-3 (Groundball, 6, EV 85.0 MPH)
Top of the 5th over - 0 runs, 1 hit, 0 errors, 1 left on base; Tampa Bay (GCL) 1 - Pittsburgh (GCL) 1
BOTTOM OF THE 5TH
Pittsburgh (GCL) Pirates batting - Pitching for Tampa Bay (GCL) Rays : RHP Karsten van Luttikhuizen
Batting: LHB Harry Romero 0-0: Swinging Strike
0-1: Called Strike
0-2: Foul Ball, location: 23FF
0-2: Ball
1-2: Ball
2-2: Foul Ball, location: 3F
2-2: Ground out 5-3 (Groundball, 56, EV 91.3 MPH)
Batting: RHB Ryan Giardina 0-0: Called Strike
0-1: Foul Ball, location: 9LMF
0-2: Foul Ball, location: 3F
0-2: Foul Ball, location: 3F
0-2: Ball
1-2: Ball
2-2: Ball
3-2: Strikes out swinging
Batting: RHB Sam Filter 0-0: Ground out 5-3 (Groundball, 56, EV 90.0 MPH)
Bottom of the 5th over - 0 runs, 0 hits, 0 errors, 0 left on base; Tampa Bay (GCL) 1 - Pittsburgh (GCL) 1
TOP OF THE 6TH
Tampa Bay (GCL) Rays batting - Pitching for Pittsburgh (GCL) Pirates : RHP Danny Cortez
Batting: RHB Barry Ayala 0-0: Ball
1-0: Fly out, F8 (Flyball, 8LM, EV 95.6 MPH)
Batting: RHB Tris Reich 0-0: Called Strike
0-1: Foul Ball, location: 23F
0-2: Strikes out looking
Batting: RHB Joe Buzard 0-0: Called Strike
0-1: Foul Ball, location: 9LSF
0-2: SINGLE (Line Drive, 34D, EV 94.4 MPH)
Batting: RHB Brian Rhodes 0-0: Fly out, F3 (Popup, 3SF, EV 84.4 MPH)
Top of the 6th over - 0 runs, 1 hit, 0 errors, 1 left on base; Tampa Bay (GCL) 1 - Pittsburgh (GCL) 1
BOTTOM OF THE 6TH
Pittsburgh (GCL) Pirates batting - Pitching for Tampa Bay (GCL) Rays : RHP Karsten van Luttikhuizen
Pitching: RHP Danny Fluegge
Batting: LHB Kevin Todd 0-0: Ball
1-0: Ball
2-0: Called Strike
2-1: SINGLE (Line Drive, 4M, EV 99.4 MPH)
Batting: RHB Adam Struthers 0-0: Ball
1-0: Foul Ball, location: 2F
1-1: Ball
2-1: Ball
3-1: SINGLE (Flyball, 56D, EV 94.4 MPH)
Kevin Todd to second
Pinch Hitting: RHB Mike King 0-0: Foul Ball, location: 23FF
0-1: Ground out 5-3 (Groundball, 56S, EV 68.8 MPH)
Kevin Todd to third
Adam Struthers to second
Pinch Hitting: RHB Brian Pietz 0-0: Intentional Walk
Pinch Hitting: LHB Andy Coffman 0-0: Called Strike
0-1: Foul Ball, location: 2F
0-2: Ball
1-2: Grounds into fielders choice 6-2 (Groundball, 6, EV 100.0 MPH)
Adam Struthers to third
Brian Pietz to second
Pinch Hitting: RHB Joe Marshall 0-0: Swinging Strike
0-1: Fielders Choice at 2nd, 6-4 (Groundball, 6, EV 110.6 MPH)
Bottom of the 6th over - 0 runs, 2 hits, 0 errors, 3 left on base; Tampa Bay (GCL) 1 - Pittsburgh (GCL) 1
TOP OF THE 7TH
Tampa Bay (GCL) Rays batting - Pitching for Pittsburgh (GCL) Pirates : RHP Danny Cortez
Now at 2B: Nate Esposito
Now at SS: Edgar Ruiz
Now in LF: Andy Coffman
Now in RF: Mike King
Batting: RHB Micah Holbert 0-0: Ball
1-0: Called Strike
1-1: Ball
2-1: Fly out, F8 (Flyball, 8LM, EV 92.5 MPH)
Batting: RHB Daniel Silva 0-0: Called Strike
0-1: Ball
1-1: SINGLE (Groundball, 56, EV 97.5 MPH)
Batting: RHB Jim Unknown 0-0: Called Strike
0-1: Foul Ball, location: 9LDF
0-2: Strikes out swinging
Pinch Hitting: RHB Jim Harshbarger 0-0: Ball
1-0: Ball
2-0: Called Strike
2-1: Swinging Strike
2-2: Foul Ball, location: 2F
2-2: Foul Ball, location: 3SF
2-2: Foul Ball, location: 9LDF
2-2: Ball
3-2: DOUBLE (Line Drive, 9LM, EV 86.3 MPH)
Daniel Silva to third
Daniel Silva scores
Pitching: RHP Armando Morales
Batting: RHB Eric Fowler 0-0: Ball
1-0: Foul Ball, location: 3F
1-1: Foul Ball, location: 5FF
1-2: Ball
2-2: Ball
3-2: Foul Ball, location: 2F
3-2: Foul Ball, location: 5F
3-2: Base on Balls
Batting: RHB Barry Ayala 0-0: Ball
1-0: Called Strike
1-1: Ball
Wild Pitch!
Jim Harshbarger to third
Eric Fowler to second
2-1: Called Strike
2-2: Foul Ball, location: 25FF
2-2: Strikes out swinging
Top of the 7th over - 1 run, 2 hits, 0 errors, 2 left on base; Tampa Bay (GCL) 2 - Pittsburgh (GCL) 1
BOTTOM OF THE 7TH
Pittsburgh (GCL) Pirates batting - Pitching for Tampa Bay (GCL) Rays : RHP Danny Fluegge
Now in CF: Alfredo Cantavalle
Batting: LHB Harry Romero 0-0: Fly out, F8 (Flyball, 8RM, EV 99.4 MPH)
Pinch Hitting: RHB David Foster 0-0: Called Strike
0-1: Foul Ball, location: 9LDF
0-2: Foul Ball, location: 3F
0-2: Ball
1-2: Foul Ball, location: 2F
1-2: Reached via error on a dropped throw from 1B, E1 (Groundball, 34, EV 90.6 MPH)
Batting: RHB Sam Filter 0-0: Ball
1-0: Called Strike
1-1: Fly out, F4 (Popup, 4, EV 59.4 MPH)
Batting: LHB John Friedman 0-0: Called Strike
0-1: Ball
1-1: Ground out 4-3 (Groundball, 4, EV 110.0 MPH)
Bottom of the 7th over - 0 runs, 0 hits, 1 error, 1 left on base; Tampa Bay (GCL) 2 - Pittsburgh (GCL) 1
TOP OF THE 8TH
Tampa Bay (GCL) Rays batting - Pitching for Pittsburgh (GCL) Pirates : RHP Armando Morales
Pitching: LHP Tyler Dunakin
Now in CF: Andres Morales
Batting: RHB Tris Reich 0-0: Called Strike
0-1: Ball
1-1: DOUBLE (Flyball, 8LXD, EV 112.5 MPH)
Batting: RHB Joe Buzard 0-0: Intentional Walk
Batting: RHB Brian Rhodes 0-0: Ball
1-0: Ball
2-0: DOUBLE (Groundball, 5L, EV 110.6 MPH)
Tris Reich scores
Joe Buzard to third
Runner from 3rd tries for Home, SAFE, throw by LF to home
Batting: RHB Micah Holbert 0-0: Intentional Walk
Batting: RHB Daniel Silva 0-0: Called Strike
0-1: Fly out, F4 (Popup, 23, EV 93.8 MPH)
Batting: RHB Jim Unknown 0-0: Ball
1-0: Ball
2-0: Grounds into double play, 4-6-3 (Groundball, 4, EV 104.4 MPH)
Top of the 8th over - 2 runs, 2 hits, 0 errors, 1 left on base; Tampa Bay (GCL) 4 - Pittsburgh (GCL) 1
BOTTOM OF THE 8TH
Pittsburgh (GCL) Pirates batting - Pitching for Tampa Bay (GCL) Rays : RHP Danny Fluegge
Pitching: LHP George Phalen
Batting: RHB Adam Struthers 0-0: Ball
1-0: Fly out, F8 (Flyball, 78S, EV 88.1 MPH)
Batting: RHB Mike King 0-0: Ball
1-0: Swinging Strike
1-1: Called Strike
1-2: Foul Ball, location: 25F
1-2: Ground out 1-3 (Groundball, 15S, EV 66.9 MPH)
Batting: SHB Nate Esposito 0-0: Swinging Strike
0-1: Foul Ball, location: 23F
0-2: Ball
1-2: Strikes out looking
Bottom of the 8th over - 0 runs, 0 hits, 0 errors, 0 left on base; Tampa Bay (GCL) 4 - Pittsburgh (GCL) 1
TOP OF THE 9TH
Tampa Bay (GCL) Rays batting - Pitching for Pittsburgh (GCL) Pirates : LHP Tyler Dunakin
Batting: LHB Alfredo Cantavalle 0-0: Foul Ball, location: 2F
0-1: Fly out, F8 (Flyball, 8LD, EV 88.1 MPH)
Batting: RHB Eric Fowler 0-0: Called Strike
0-1: Ball
1-1: Ball
2-1: Swinging Strike
2-2: Ball
3-2: Strikes out swinging
Batting: RHB Barry Ayala 0-0: Foul Ball, location: 2F
0-1: Fly out, F8 (Flyball, 8LD, EV 110.6 MPH)
Top of the 9th over - 0 runs, 0 hits, 0 errors, 0 left on base; Tampa Bay (GCL) 4 - Pittsburgh (GCL) 1
BOTTOM OF THE 9TH
Pittsburgh (GCL) Pirates batting - Pitching for Tampa Bay (GCL) Rays : LHP George Phalen
Pinch Hitting: RHB Jose Vidal 0-0: Ball
1-0: Called Strike
1-1: Called Strike
1-2: Ball
2-2: Ball
3-2: Fly out, F9 (Flyball, 9, EV 90.0 MPH)
Batting: RHB Edgar Ruiz 0-0: Foul Ball, location: 9LDF
0-1: Ground out 6-3 (Groundball, 6, EV 80.0 MPH)
Batting: LHB Harry Romero 0-0: Fly out, F9 (Flyball, 9, EV 100.0 MPH)
Bottom of the 9th over - 0 runs, 0 hits, 0 errors, 0 left on base; Tampa Bay (GCL) 4 - Pittsburgh (GCL) 1
Sunday, April 14th , 2024 - OOTP Baseball 24.11 Build 85